 Dungeon Crawl Stone Soup version 0.21.1-1-g345015f (webtiles) character file.

213 beigtais the Skirmisher (level 5, -1/43 HPs)
             Began as a Demonspawn Monk on July 19, 2018.
             Slain by a frilled lizard (2 damage)
             ... on level 3 of the Dungeon.
             The game lasted 00:12:32 (3624 turns).

beigtais the Skirmisher (Demonspawn Monk)           Turns: 3624, Time: 00:12:33

Health: -1/43      AC:  9    Str:  7 (9)  XL:     5   Next: 59%
Magic:  9/9        EV:  2    Int: 10 (12) God:
Gold:   87         SH:  0    Dex: 16      Spells: 10/10 levels left

rFire    . . .     SeeInvis .     - Unarmed
rCold    . . .     Gourm    .   (no shield)
rNeg     . . .     Faith    .   f - +0 chain mail
rPois    .         Spirit   .   (helmet restricted)
rElec    .         Reflect  .   (no cloak)
rCorr    .         Harm     .   (no gloves)
MR       .....     Clarity  +   (no boots)
Stlth    ..........             (no amulet)
HPRegen  0.00/turn              (no ring)
MPRegen  0.11/turn              (no ring)

@: constricted
A: hooves 1, horns 1, clarity, nightstalker 1, inhibited regeneration, weak 1,
sturdy frame 1
a: no special abilities


You were on level 3 of the Dungeon.
You were hungry.

You visited 1 branch of the dungeon, and saw 4 of its levels.

You collected 87 gold pieces.

Inventory:

Hand Weapons
 d - a +0 dagger
Armour
 a - a +0 robe
 f - a +0 chain mail (worn)
Wands
 e - a wand of random effects (21)
Scrolls
 i - a scroll of fear {unknown}
Potions
 c - a potion of lignification
 g - a potion of invisibility {unknown}
 h - a potion of degeneration
Comestibles
 b - 5 rations


   Skills:
 * Level 4.8 Fighting
 * Level 0.4 Short Blades
 * Level 0.4 Throwing
 * Level 3.4 Armour
 * Level 4.6 Dodging
 * Level 2.1 Stealth
 * Level 4.8 Unarmed Combat
 * Level 3.2 Spellcasting
   Level 3.0 Invocations
 + Level 2.2 Evocations


You had 10 spell levels left.
You didn't know any spells.

Dungeon Overview and Level Annotations

Branches:
Dungeon (4/15)
 Temple: D:4-7

Altars:

Annotations:
D:3 aaksess's ghost, amateur BaIE
D:4 2BAD's ghost, novice GrFi


Innate Abilities, Weirdness & Mutations

You have large cloven feet.
You are slightly more attuned to the shadows.
Your movements are slightly less encumbered by armour. (ER -2)
You have a pair of small horns on your head.
You possess an exceptional clarity of mind.
You do not regenerate when monsters are visible.
You are weak. (Str -2)


Message History

You hit the orc.
You kill the orc! 2BAD's ghost hits you!
* * * LOW HITPOINT WARNING * * *
You climb upwards.
Level annotation: aaksess's ghost, amateur BaIE The orc shouts!
The ball python hisses angrily.
Found 10 poisoned needles.
Found an escape hatch in the ceiling.
A frilled lizard comes into view.
There is a stone staircase leading down here.
A frilled lizard comes into view.
The ball python bites you.
* * * LOW HITPOINT WARNING * * *
The ball python grabs you. The ball python constricts you.
You escape the ball python's grasp.
You closely miss the ball python. You kick the ball python.
The ball python is moderately wounded.
The ball python barely misses you. The ball python grabs you.
The ball python constricts you. The frilled lizard bites you.
You die...

........#
......... ...
.###.#..# ..# #
#..# ... #...
#... #.# ##+#.
#.... #.# .....
#.... #l# .....
####.... #@#
.....
.....#'###S#
##'#'
#..........## #
#. ............#
..
#.....>o.......
...
#....o......####
....
#..........(#
.##
............#
l.....#####.# #


You could see an orc, a ball python and a frilled lizard.

Vanquished Creatures
  A crimson imp (D:3)
  An orc priest (D:3)
  Ijyb (D:2)
  4 adders
  2 worms (D:2)
  A leopard gecko (D:2)
  9 orcs
  A giant cockroach (D:1)
  5 goblins
  5 hobgoblins
  5 kobolds
  A quokka (D:2)
  5 bats (D:1)
  3 frilled lizards
  3 rats (D:1)
47 creatures vanquished.

Notes
Turn   | Place    | Note
-------+----------+-------------------------------------------
     0 | D:1      | beigtais the Demonspawn Monk began the quest for the Orb.
     0 | D:1      | Reached XP level 1. HP: 18/18 MP: 1/1
   279 | D:1      | Gained mutation: Your movements are slightly less encumbered by armour. (ER -2) [demonic ancestry]
   279 | D:1      | Reached XP level 2. HP: 19/24 MP: 2/2
   767 | D:1      | Gained mutation: You have large cloven feet. [demonic ancestry]
   767 | D:1      | Reached XP level 3. HP: 32/32 MP: 2/7
  1438 | D:2      | Gained mutation: You are slightly more attuned to the shadows. [demonic ancestry]
  1438 | D:2      | Reached XP level 4. HP: 38/38 MP: 8/8
  2326 | D:3      | Gained mutation: You have a pair of small horns on your head. [potion of mutation]
  2326 | D:3      | Gained mutation: You do not regenerate when monsters are visible. [potion of mutation]
  2326 | D:3      | Gained mutation: You are weak. (Str -2) [potion of mutation]
  2326 | D:3      | Gained mutation: You possess an exceptional clarity of mind. [potion of mutation]
  2576 | D:3      | Noticed Ijyb
  2676 | D:2      | Killed Ijyb
  2676 | D:2      | Reached XP level 5. HP: 35/43 MP: 9/9
  3142 | D:3      | Noticed aaksess's ghost (amateur BaIE)
  3601 | D:4      | Noticed 2BAD's ghost (novice GrFi)
  3621 | D:3      | HP: 1/43 [ball python (2)]
  3624 | D:3      | Slain by a frilled lizard

Skill      XL: |  1  2  3  4 |
---------------+-------------+-----
Dodging        | 3 4 |  4.6
Fighting       | 4 |  4.8
Armour         | 3 |  3.4
Unarmed Combat | 4 |  4.8
Spellcasting   | 3 |  3.2
Invocations    | 3 |  3.0
Evocations     | 2 |  2.2
Stealth        | 2 |  2.1
Short Blades   | |  0.4
Throwing       | |  0.4

Action                   |  1- 3 |  4- 6 || total
-------------------------+-------+-------++-------
Melee: Unarmed           |   111 |   139 ||   250
       Kick              |     5 |    34 ||    39
       Headbutt          |       |    18 ||    18
       Punch             |       |     2 ||     2
  Use: Scroll            |     7 |       ||     7
       Potion            |     4 |     2 ||     6
 Stab: Sleeping          |     1 |       ||     1
  Eat: Chunk             |     2 |     6 ||     8
Armor: Robe              |    13 |       ||    13
       Chain mail        |    65 |    92 ||   157
Dodge: Dodged            |    74 |    32 ||   106
